 Dungeon Crawl Stone Soup version 0.21-a0-88-g13b9641 (webtiles) character file.

105 Ijustatesigmund the Cudgeler (level 4, -1/33 HPs)
             Began as an Octopode Fighter on June 27, 2017.
             Killed by divine providence
             ... invoked by an orc priest
              (10 damage)
             ... on level 3 of the Dungeon.
             The game lasted 00:02:43 (1594 turns).

Ijustatesigmund the Cudgeler (Octopode Fighter)     Turns: 1594, Time: 00:02:44

Health: -1/33      AC:  1    Str: 15    XL:     4   Next: 83%
Magic:  4/4        EV: 17    Int: 10    God:
Gold:   111        SH: 14    Dex: 17    Spells: 3/3 levels left

rFire    . . .     SeeInvis .   a - +0 flail
rCold    . . .     Gourm    .   b - +0 shield
rNeg     . . .     Faith    .   (helmet restricted)
rPois    .         Spirit   .   g - +5 amulet of reflection
rElec    .         Reflect  +   k - ring of protection from magic
rCorr    .         Harm     .   (no ring)
MR       +....                  (no ring)
Stlth    ++++......             (no ring)
HPRegen  0.11/turn              (no ring)
MPRegen  0.09/turn              (no ring)
                                (no ring)
                                (no ring)

@: agile
A: almost no armour, stealthy swim, amphibious, 8 rings, constrict 8, camouflage
1, gelatinous body 1
a: no special abilities


You were on level 3 of the Dungeon.
You were not hungry.

You visited 1 branch of the dungeon, and saw 3 of its levels.

You collected 111 gold pieces.

Inventory:

Hand Weapons
 a - a +0 flail (weapon)
Missiles
 h - 5 javelins (quivered)
Armour
 b - a +0 shield (worn)
Jewellery
 g - a +5 amulet of reflection (around mantle)
 k - a ring of protection from magic (left tentacle)
Scrolls
 l - 5 scrolls of remove curse
Potions
 c - a potion of might
 i - 2 potions of cancellation
Comestibles
 d - 2 bread rations
 f - 3 royal jellies


   Skills:
 + Level 3.8 Fighting
 * Level 4.2 Maces & Flails
 - Level 3.0 Dodging
 - Level 3.0 Shields


You had 3 spell levels left.
You didn't know any spells.

Dungeon Overview and Level Annotations

Branches:
Dungeon (3/15)

Altars:
Ashenzari
Elyvilon
Gozag
Nemelex Xobeh


Innate Abilities, Weirdness & Mutations

You cannot wear most types of armour.
You are very stealthy in the water. (Stealth+)
You are amphibious.
You can wear up to eight rings at the same time.
You can use your tentacles to constrict eight enemies at once.
Your skin changes colour to match your surroundings (Stealth+).
Your rubbery body absorbs attacks. (AC +1, EV +1)


Message History

You squeeze the orc priest.
The orc priest is moderately wounded.
You constrict the orc priest.
You feel sick. The orc priest misses you. The orc hits you with a hand axe.
You hear some strange, mumbled words.
A puff of flame appears from out of thin air!
The puff of flame hits you!
* * * LOW HITPOINT WARNING * * *
You block the rat's attack.
You feel better.
You constrict the orc priest. You block the orc's attack.
The orc priest calls down the wrath of Beogh upon you.
You resist with some effort. Something hits you.
* * * LOW HITPOINT WARNING * * *
The rat barely misses you.
It was a potion of agility.
You feel agile all of a sudden.
You constrict the orc priest, but do no damage.
The orc priest calls down the wrath of Beogh upon you.
Beogh smites you!
You die...

******** *,,,,,,* *,,,,,,*
*,,,,,,* ######## *,,,,,,*
#[.....# *,,,,,,****#......#
*,,,,,,,,,*#......#
******,**.##....o.#
*,**......r@.######*********
******>,,......{.o......,,,,,,,,,
*,,,,,,,,##.......##########*****
*,,,,,,,,+..................,,,,,
*,,,,,,,,########.########.#*****
*,,,,,,,,* #.########.######
*,,,,,,,,* #.##.............
*,,,,,,,,**** #.#......#..<####
*,,,,,,,,,,,* #.#...#..#..##


You could see an orc priest, an orc and a rat.

Vanquished Creatures
  A bullfrog zombie (D:3)
  2 adders
  An ooze (D:1)
  2 dart slugs
  2 leopard geckos
  2 ball pythons
  A giant cockroach (D:3)
  3 hobgoblins
  4 jackals
  6 kobolds
  5 bats
  2 frilled lizards
  2 goblins
  10 rats
43 creatures vanquished.

Notes
Turn   | Place    | Note
-------+----------+-------------------------------------------
     0 | D:1      | Ijustatesigmund the Octopode Fighter began the quest for the Orb.
     0 | D:1      | Reached XP level 1. HP: 16/16 MP: 1/1
   279 | D:1      | Reached XP level 2. HP: 18/21 MP: 2/2
   465 | D:1      | Reached skill level 3 in Maces & Flails
   507 | D:1      | Reached XP level 3. HP: 23/26 MP: 3/3
   924 | D:2      | Found a white marble altar of Elyvilon.
  1207 | D:2      | Found a shattered altar of Ashenzari.
  1339 | D:2      | Found a sparkling altar of Nemelex Xobeh.
  1340 | D:2      | Found an opulent altar of Gozag.
  1523 | D:3      | Reached XP level 4. HP: 31/31 MP: 4/4
  1532 | D:3      | Reached skill level 4 in Maces & Flails
  1594 | D:3      | Killed from afar by an orc priest

Vault maps used:
D:1:      wheals_arrival_shading, eino_curves_03, bh_walls_and_bars
D:2:      grunt_temple_overflow_opulence, ashenzari_altar_1,
          lemuel_coloured_pillars_altar
D:3:      overflow_temple_1_default, fedhas_altar_4

Skill      XL: |  1  2  3  4 |
---------------+-------------+-----
Maces & Flails | 3 4 |  4.2
Fighting       | |  3.8
Dodging        | |  3.0
Shields        | |  3.0

Action                   |  1- 3 |  4- 6 || total
-------------------------+-------+-------++-------
Melee: Flail             |    65 |    14 ||    79
       Constrict         |    20 |     3 ||    23
       Tentacles         |    17 |     3 ||    20
  Use: Scroll            |     2 |     2 ||     4
       Potion            |       |     2 ||     2
 Stab: Sleeping          |     9 |       ||     9
  Eat: Chunk             |     2 |       ||     2
Armor: Skin              |     8 |     4 ||    12
Dodge: Dodged            |    13 |     9 ||    22
Block: Shield            |    38 |    17 ||    55
       Reflection        |     1 |       ||     1
